 Dungeon Crawl Stone Soup version 0.26.0-10-g1f06aea511 (webtiles) character file.

Game seed: 7980606218499039364

75 Borgoz the Slasher (level 4, -4/38 HPs)
             Began as a Ghoul Gladiator on Jan 15, 2021.
             Slain by a gnoll (6 damage)
             ... on level 2 of the Dungeon.
             The game lasted 00:01:07 (875 turns).

Borgoz the Slasher (Ghoul Gladiator)                 Turns: 875, Time: 00:01:08

Health: -4/38      AC:  4    Str: 17    XL:     4   Next: 31%
Magic:  3/3        EV: 12    Int:  3    God:
Gold:   43         SH:  0    Dex: 11    Spells: 3/3 levels left

rFire    . . .     SeeInvis .   a - +0 long sword
rCold    + . .     Faith    .   (no shield)
rNeg     + + +     Spirit   .   b - +0 leather armour
rPois    ∞         Reflect  .   c - +0 helmet
rElec    .         Harm     .   (no cloak)
rCorr    .         Rampage  .   (no gloves)
Will     .....                  (no boots)
Stlth    +.........             (no amulet)
HPRegen  0.00/turn              (no ring)
MPRegen  0.08/turn              (no ring)

@: no status effects
A: claws 1, cold resistance 1, negative energy resistance 3, inhibited
regeneration, torment resistance, unbreathing
a: no special abilities


You were on level 2 of the Dungeon.
You visited 1 branch of the dungeon, and saw 2 of its levels.

You collected 43 gold pieces.

Inventory:

Hand Weapons
 a - a +0 long sword (weapon)
Missiles
 d - 3 throwing nets (quivered)
Armour
 b - a +0 leather armour (worn)
 c - a +0 helmet (worn)
Scrolls
 e - 3 scrolls of identify {unknown}
 f - a scroll of enchant weapon {unknown}
 h - a scroll of remove curse {unknown}
 i - a scroll of enchant armour {unknown}
Potions
 g - 2 potions of degeneration {unknown}
 j - a potion of cancellation {unknown}


   Skills:
 + Level 3.0 Fighting
 + Level 3.3 Long Blades
 - Level 1.7 Throwing
 + Level 1.4 Armour
 + Level 3.2 Dodging


You had 3 spell levels left.
You didn't know any spells.
Your spell library contained the following spells:

 Spells                   Type           Power        Failure   Level
 Beastly Appendage        Tmut           Unusable     N/A         1
 Wereblood                Tmut           Unusable     N/A         2
 Spider Form              Tmut/Pois      Unusable     N/A         3
 Ice Form                 Ice/Tmut       Unusable     N/A         4
 Blade Hands              Tmut           Unusable     N/A         5

Dungeon Overview and Level Annotations

Branches:
Dungeon (2/15)

Altars:
The Shining One


Innate Abilities, Weirdness & Mutations

You thrive by killing the living.
You are immune to poison.
You have sharp fingernails.
Your flesh is cold resistant. (rC+)
You are immune to negative energy. (rN+++)
You do not regenerate when monsters are visible.
You are immune to unholy pain and torment.
You can survive without breathing.


Message History

The gnoll hits you from afar with a +0 halberd!
* * * LOW HITPOINT WARNING * * *
You are too injured to fight recklessly!
You are too injured to fight recklessly!
You are too injured to fight recklessly!
You are too injured to fight recklessly!
You are too injured to fight recklessly!
You are too injured to fight recklessly!
You are too injured to fight recklessly!
You are too injured to fight recklessly!
You are too injured to fight recklessly!
You are too injured to fight recklessly!
You are too injured to fight recklessly!
You are too injured to fight recklessly!
You are too injured to fight recklessly!
You are too injured to fight recklessly!
You hit the gnoll.
The gnoll is lightly wounded.
The gnoll closely misses you. The gnoll hits you.
You die...

############
#..........####
#........(.'..####
#....l.....##....# ###
#....)@....##....# #..
....)g.g....##....# #..
.#...g......##....####..
#..........#...........
..........†.............
##..........#.....####..
............#.....# #..
.....########.....# ##.
#.....# #.


You could see 3 gnolls and a frilled lizard.

Vanquished Creatures
  A gnoll (D:2)
  2 adders (D:2)
  An ooze (D:2)
  An ufetubus (D:2)
  A leopard gecko (D:1)
  A ball python (D:1)
  4 bats
  3 giant cockroaches
  A goblin (D:2)
  5 hobgoblins (D:1)
  5 jackals (D:1)
  A frilled lizard (D:2)
  3 kobolds (D:2)
  5 rats
34 creatures vanquished.

Notes
Turn   | Place    | Note
-------+----------+-------------------------------------------
     0 | D:1      | Borgoz the Ghoul Gladiator began the quest for the Orb.
     0 | D:1      | Reached XP level 1. HP: 17/17 MP: 0/0
   136 | D:1      | Reached XP level 2. HP: 25/25 MP: 1/1
   309 | D:1      | Reached skill level 1 in Armour
   309 | D:1      | Reached XP level 3. HP: 30/30 MP: 2/2
   829 | D:2      | Found a glowing golden altar of the Shining One.
   846 | D:2      | Reached XP level 4. HP: 37/37 MP: 3/3
   875 | D:2      | Slain by a gnoll

Illustrated notes

Levels and vault maps discovered:
D:1:      ncdulo_lavacross, layout_rooms
D:2:      layout_basic, overflow_temple_1_default

Skill      XL: |  1  2  3  4 |
---------------+-------------+-----
Long Blades    | 3 |  3.3
Armour         | 1 |  1.4
Dodging        | 3 |  3.2
Fighting       | 3 |  3.0
Throwing       | |  1.7

Action                   |  1- 3 |  4- 6 || total
-------------------------+-------+-------++-------
Melee: Long sword        |    68 |    10 ||    78
Armor: Leather armour    |    31 |     4 ||    35
Dodge: Dodged            |    75 |    21 ||    96
       Rpst.: Long sword |    26 |     5 ||    31
